 Dungeon Crawl Stone Soup version 0.28.0-53-g5a82cb258f (webtiles) character file.

Game seed: 15154500104914116326

227374 raph the Slayer (level 18, -12/273 HPs)
             Began as a Minotaur Berserker on June 22, 2022.
             Was a High Priest of Trog.
             Killed from afar by a shock serpent (27 damage)
             ... with a bolt of electricity
             ... on level 4 of the Snake Pit on June 24, 2022.
             The game lasted 01:15:05 (53097 turns).

raph the Slayer (Minotaur Berserker)               Turns: 53097, Time: 01:15:05

Health: -12/273    AC: 32    Str: 27    XL:     18   Next: 67%
Magic:  17/17      EV: 15    Int:  3    God:    Trog [*****.]
Gold:   224        SH: 36    Dex: 20    Spells: 17/17 levels left

rFire   x . .      SeeInvis .   a - +10 morningstar of Aceten {flame, +Blink rF- Str+3}
rCold   . . .      Faith    .   Z - +10 tower shield of Ignorance {rN+ Int-4}
rNeg    + . .      Spirit   .   D - +3 plate armour
rPois   +          Reflect  +   l - +2 hat
rElec   .          Harm     .   J - +2 cloak {Stlth+}
rCorr   +          Rampage  .   g - +2 pair of gloves
Will    +++..                   E - +2 pair of boots
Stlth   ..........              y - amulet of reflection
HPRegen 1.55/turn               B - ring of Zeisy {Drain rCorr EV+4 Int+3 Dex+4}
MPRegen 0.15/turn               N - ring of poison resistance

@: berserking, weakened, strong-willed, regenerating, constricted, very quick
A: horns 2, retaliatory headbutt
}: 1/15 runes: barnacled
a: Renounce Religion, Evoke Blink, Berserk, Trog's Hand, Brothers in Arms


You were on level 4 of the Snake Pit.
You worshipped Trog.
Trog was extremely pleased with you.
You visited 5 branches of the dungeon, and saw 31 of its levels.
You also visited: Bailey and Ice Cave.

You collected 3430 gold pieces.
You spent 3206 gold pieces at shops.

Inventory:

Hand Weapons
 a - the +10 morningstar of Aceten (weapon) {flame, +Blink rF- Str+3}
   (Trog gifted it to you on level 12 of the Dungeon)

   It burns those it strikes, dealing additional fire damage.
   Str:       It affects your strength (+3).
   rF:        It makes you vulnerable to fire.
   +Blink:    It lets you blink.
 b - the +2 fustibalus of Zirr {freeze, rPois Str+4 Int+2 Dex+2}
   (You found it on level 8 of the Dungeon)

   Any ammunition fired from it freezes those it strikes, dealing additional
   cold damage.
   It can also slow down cold-blooded creatures.
   Str:       It affects your strength (+4).
   Int:       It affects your intelligence (+2).
   Dex:       It affects your dexterity (+2).
   rPois:     It protects you from poison.
 n - a +2 vorpal morningstar
 u - a +3 morningstar
Missiles
 e - 11 curare-tipped darts
 h - 721 stones
 r - 4 throwing nets
 t - 124 sling bullets
Armour
 g - a +2 pair of gloves (worn)
 l - a +2 hat (worn)
 D - a +3 plate armour (worn)
 E - a +2 pair of boots (worn)
 J - a +2 cloak of stealth (worn)
 Z - the +10 tower shield of Ignorance (worn) {rN+ Int-4}
   (You bought it in a shop on level 2 of the Orcish Mines)

   Int:       It affects your intelligence (-4).
   rN:        It protects you from negative energy.
Jewellery
 y - an amulet of reflection (around neck)
 B - the ring of Zeisy (left hand) {Drain rCorr EV+4 Int+3 Dex+4}
   (You bought it in a shop on level 1 of the Snake Pit)

   [ring of evasion]

   EV:        It affects your evasion (+4).
   Int:       It affects your intelligence (+3).
   Dex:       It affects your dexterity (+4).
   rCorr:     It protects you from acid and corrosion.
   Drain:     It drains your maximum health when unequipped.
 K - a ring of protection from fire
 N - a ring of poison resistance (right hand)
 Q - a +4 ring of slaying
 U - a +4 ring of evasion
 X - the ring "Xaffew" {rC++ rCorr}
   (You found it on level 14 of the Dungeon)

   [ring of resist corrosion]

   rC:        It greatly protects you from cold.
   rCorr:     It protects you from acid and corrosion.
Wands
 c - a wand of charming (5)
 i - a wand of flame (62)
 o - a wand of iceblast (26)
 I - a wand of mindburst (13)
 M - a wand of paralysis (21)
 O - a wand of acid (4)
 W - a wand of polymorph (8)
Scrolls
 f - 10 scrolls of teleportation
 p - 3 scrolls of fog
 s - 2 scrolls of blinking
 v - 2 scrolls of holy word
 x - 2 scrolls of silence
 z - 4 scrolls of fear
 C - 4 scrolls of enchant weapon
 G - 2 scrolls of magic mapping
 H - 6 scrolls of identify
 P - 3 scrolls of summoning
 V - 2 scrolls of brand weapon
Potions
 d - a potion of heal wounds
 j - 16 potions of curing
 q - 8 potions of haste
 w - 4 potions of might
 F - 2 potions of magic
 S - 6 potions of cancellation
 T - 3 potions of flight
Miscellaneous
 m - a phantom mirror
 A - a phial of floods
 R - a lightning rod (4/4)
 Y - a tin of tremorstones (2/2)


   Skills:
 + Level 21.0 Fighting
 - Level 16.0 Maces & Flails
 + Level 13.8 Slings
 - Level 14.4 Armour
 - Level 13.4 Dodging
 * Level 16.8 Shields
 - Level 10.1 Evocations


You had 17 spell levels left.
You didn't know any spells.
Your spell library was empty.

Dungeon Overview and Level Annotations

Branches:
Dungeon (15/15)            Temple (0/1) D:6            Lair (6/6) D:8
 Shoals (4/4) Lair:3        Snake (4/4) Lair:2        Slime (0/5) Lair:5
    Orc (2/2) D:9             Elf (0/3) Orc:2        Vaults (0/5) D:13
 Depths (0/4) D:15         Bailey (visited)           IceCv (visited)

Altars:
Cheibriados
Fedhas
Hepliaklqana
Makhleb
Sif Muna
Trog
Beogh
Jiyva
Lugonu

Shops:
D:5 [(   D:11 (   D:13 =   Orc:1 =   Orc:2 [(=*   Shoals:3 [   Snake:1 =
Snake:2 (   Snake:3 =::   Snake:4 !

Portals:
Abyss: Lair:6

Annotations:
D:12 3 runed translucent doors, diceflayer's ghost, journeyman NaFi
Snake:4 1 exclusion


Innate Abilities, Weirdness & Mutations

You have a pair of horns on your head.
You reflexively headbutt those who attack you in melee.


Message History

* * * LOW HITPOINT WARNING * * *
You block the anaconda's attack. x2; The anaconda constricts you.
The salamander tyrant hits you but does no damage.
The salamander mystic casts a spell at something.
The shock serpent shoots out a bolt of lightning at you!
The bolt of electricity misses you. The bolt of electricity hits you!
* * * LOW HITPOINT WARNING * * *
The bolt of electricity hits the shock serpent.
The shock serpent completely resists.
You block the anaconda's attack.
A naga ritualist comes into view. It is wielding a +0 dire flail.
The salamander hits you from afar with a +0 halberd!
* * * LOW HITPOINT WARNING * * *
You are engulfed in flames!!
The fire burns you terribly!
* * * LOW HITPOINT WARNING * * *
The salamander tyrant hits you but does no damage.
You hit the salamander tyrant. You headbutt the salamander tyrant.
The salamander tyrant is lightly wounded.
The anaconda bites you!
* * * LOW HITPOINT WARNING * * *
The anaconda constricts you. You block the anaconda's attack. x2
The anaconda constricts you.
The shock serpent shoots out a bolt of lightning at you!
The bolt of electricity hits you!
* * * LOW HITPOINT WARNING * * *
The bolt of electricity hits you but does no damage.
The bolt of electricity hits the shock serpent.
The shock serpent completely resists.
The salamander tyrant gazes fiercely through you!
You feel as though you will be weak longer.
The salamander tyrant closely misses you.
The anaconda completely misses you.
You hit the salamander tyrant.
The salamander tyrant is lightly wounded.
You block the anaconda's attack. The anaconda constricts you.
You block the anaconda's attack.
The salamander hits you but does no damage.
A salamander comes into view. It is wielding a +0 glaive.
The shock serpent shoots out a bolt of lightning at you!
The bolt of electricity hits you!!
You die...

.#..####...SS###.#.###,*,,,**,,,,
....* #....S..SSSS<.#,+,,**,,,,,
*,,,* #....###N##..##,+,,**,,,,,
,,,,***#.#### #SS#*,**,*,,,**,,,,
*,,,,*...* ##S#*,,,,**,,,**,,,
*,*,,..##* #S#*,*,,,**,,,**,,
*,,,...,** #N##,,,,,,**,,,,,*
,*,,..,,,#######SN###N..,,**,,,,,
,,,,,*,,,.(....N@SN.N...,*,**,,,,
,,**,****...#####SN.....**,,**,,,
,,,,,*,,,,,,,,,<,..##...***,***,,
,,*,,,,****,***,,....,..* *,* **,
,,,,,,,* *,,,*,,∩....,.***,** **
,,*,,,** ***,,,,...###,,**,,* *
,,*,,,* ***,,...# **,,**,*
,,*,,,* *,,...# **,**,* ,,*****
*,,,,,* *,,,,*


You could see 2 salamander tyrants, 2 salamander mystics, 2 salamanders, 2
anacondas, a naga ritualist, 2 shock serpents, 3 guardian serpents, a black
mamba and a naga.

Vanquished Creatures
  Saint Roka (Orc:2)
  Vashnia (Snake:2)
  Jorgrun (D:13)
  Polyphemus (Shoals:3)
  Gastronok (D:12)
  A kraken (Shoals:3)
  Roxanne (D:15)
  The ghost of Witt the Fighter, an adept GrFi of Ashenzari (Shoals:1)
  A nagaraja (Snake:2)
  A frost giant (IceCv)
  3 orc warlords
  The ghost of Cown the Bludgeoner, a journeyman TrHu of Yredelemnul (D:14)
  The ghost of diceflayer the Unseen, a journeyman NaFi of Okawaru (Lair:3)
  Snorg (D:13)
  9 merfolk javelineers
  7 merfolk impalers
  An ettin (shapeshifter) (D:15)
  14 hydras
  8 naga warriors
  5 boulder beetles
  8 vault guards (D:13)
  Erolcha (Orc:2)
  A death knight (D:12)
  6 merfolk avatars
  3 merfolk aquamancers (Shoals:4)
  13 anacondas
  4 catoblepae
  An ogre mage (D:15)
  3 centaur warriors
  The ghost of Haraddelas the Transmogrifier, a journeyman OpTm of Okawaru (Lair:2)
  7 two-headed ogres
  7 satyrs
  26 death yaks
  5 tengu warriors
  4 orc high priests (Orc:2)
  8 naga sharpshooters
  5 shock serpents
  4 thrashing horrors (Lair:6)
  Nergalle (Lair:3)
  A fire crab (Shoals:1)
  13 sea snakes
  A glowing orange brain (D:12)
  5 naga ritualists
  A harpy (shapeshifter) (Lair:6)
  6 orc knights
  14 harpies
  A wolf spider (Lair:5)
  A mana viper (shapeshifter) (D:14)
  5 mana vipers
  4 deep elf pyromancers
  10 ugly things
  3 salamanders
  8 orc sorcerers
  5 cyclopes
  8 fauns
  18 manticores
  Maurice (D:11)
  A moth of wrath (D:14)
  12 merfolk sirens
  A guardian serpent (Snake:1)
  6 water nymphs
  A smoke demon (Lair:6)
  24 black mambas
  2 torpor snails
  An ice statue (IceCv)
  17 naga magi
  10 rime drakes
  Maggie (D:10)
  12 cane toads
  A gargoyle (D:13)
  Psyche (D:11)
  A tengu conjurer (D:14)
  A freezing wraith (D:11)
  8 komodo dragons
  6 polar bears
  5 trolls
  40 blink frogs
  24 merfolk
  8 snapping turtles
  5 slime creatures
  5 dream sheep
  12 wind drakes
  Prince Ribbit (D:8)
  73 yaks
  4 water elementals
  2 fire bats (Shoals:1)
  A spriggan (Lair:6)
  4 wyverns
  2 ynoxinuls (Lair:6)
  2 steam dragons
  10 basilisks
  2 chaos spawn (Lair:6)
  6 vampire mosquitoes
  Edmund (D:6)
  3 wargs
  Menkaure (D:6)
  A large abomination (Lair:6)
  31 nagas
  An acid dragon (D:10)
  23 water moccasins
  An ice beast (D:7)
  3 hornet zombies
  46 orc warriors
  4 black bears
  9 ogres
  4 boggarts (D:14)
  3 necrophages
  27 wolves
  6 centaurs
  2 phantoms
  11 small abominations (Lair:6)
  6 kobold brigands (Bailey)
  16 bullfrogs
  A scorpion (D:5)
  A wyvern skeleton (D:5)
  3 water moccasin skeletons
  10 killer bees
  2 wights (D:8)
  2 electric eels (Snake:3)
  4 howler monkeys
  A bullfrog zombie (D:5)
  5 centaur zombies
  A hound (D:7)
  2 jellies
  A gnoll shaman (Orc:1)
  15 orc priests
  Jessica (D:2)
  Natasha (twice) (D:3)
  21 orc wizards
  An iguana (D:5)
  2 hound skeletons (D:4)
  A howler monkey zombie (D:8)
  18 gnolls
  A howler monkey skeleton (D:7)
  6 adders
  2 shadow imps (D:6)
  2 white imps
  A worm (D:2)
  6 dart slugs
  96 orcs
  4 endoplasms
  A giant cockroach (D:3)
  15 goblins
  4 hobgoblins
  6 jackals
  A jackal (shapeshifter) (D:12)
  4 quokkas
  A ball python (shapeshifter) (D:12)
  7 ball pythons
  3 bats
  2 frilled lizards
  15 kobolds
  6 rats
  3 tentacles (Shoals:3)
1064 creatures vanquished.

Vanquished Creatures (collateral kills)
  A merfolk javelineer (Shoals:4)
  A merfolk impaler (Shoals:4)
  A merfolk avatar (Shoals:1)
  A death yak (Lair:2)
  A naga sharpshooter (Snake:2)
  A lindwurm (Lair:6)
  A merfolk siren (Shoals:4)
  A water nymph (Shoals:4)
  2 merfolk (Shoals:1)
  An ancient zyme (Lair:6)
  3 blink frogs
  A yak (Lair:2)
  A basilisk (Lair:6)
  A naga (Snake:2)
  A warg (Orc:2)
  An orc warrior (Orc:2)
  An ogre (Orc:2)
  An orc priest (Orc:2)
  3 orcs (Orc:2)
24 creatures vanquished.

Vanquished Creatures (others)
  A naga ritualist (Snake:1)
  A naga (Snake:2)
  An orc priest (Orc:1)
  An orc wizard (D:3)
  57 fungi
  105 plants
  17 tentacles (Shoals:3)
183 creatures vanquished.

Grand Total: 1271 creatures vanquished

Notes
Turn   | Place    | Note
-------+----------+-------------------------------------------
     0 | D:1      | raph the Minotaur Berserker began the quest for the Orb.
     0 | D:1      | Reached XP level 1. HP: 19/19 MP: 0/0
   162 | D:1      | Reached XP level 2. HP: 26/26 MP: 1/1
   739 | D:2      | Reached skill level 5 in Maces & Flails
   739 | D:2      | Reached XP level 3. HP: 12/31 MP: 2/2
  1857 | D:2      | Noticed Jessica
  1865 | D:2      | Killed Jessica
  1866 | D:2      | Reached XP level 4. HP: 39/39 MP: 3/3
  1982 | D:2      | Found a faded altar of an unknown god.
  2105 | D:2      | Found a hazy altar of Hepliaklqana.
  2550 | D:3      | Noticed a phantom
  2561 | D:3      | Killed a phantom
  2562 | D:3      | Reached XP level 5. HP: 45/45 MP: 4/4
  2813 | D:3      | Reached XP level 6. HP: 43/51 MP: 5/5
  3305 | D:3      | Noticed Natasha
  3308 | D:3      | Killed Natasha
  3388 | D:3      | Identified the +5 mace "Beastslayer" {vorpal, Str+2 Stlth+}
  3603 | D:3      | Found a burning altar of Makhleb.
  3783 | D:3      | Noticed Natasha
  3792 | D:3      | Killed Natasha
  4090 | D:4      | Reached XP level 7. HP: 57/57 MP: 6/6
  4306 | D:4      | Reached skill level 10 in Maces & Flails
  4533 | D:4      | Reached ** piety under Trog
  5022 | D:5      | Entered Level 5 of the Dungeon
  5544 | D:5      | Found Upikaask's Antique Weapon Shoppe.
  5550 | D:5      | Bought a glowing morningstar for 217 gold pieces
  5620 | D:5      | Reached XP level 8. HP: 50/64 MP: 7/7
  6023 | D:5      | Found Diwueve's Antique Armour Emporium.
  6798 | D:6      | Found a staircase to the Ecumenical Temple.
  6917 | D:6      | Reached XP level 9. HP: 70/70 MP: 8/8
  6923 | D:6      | Noticed Menkaure
  6929 | D:6      | Killed Menkaure
  7650 | D:6      | Reached *** piety under Trog
  7671 | D:6      | Noticed Edmund
  7675 | D:6      | Killed Edmund
  7676 | D:6      | Reached skill level 15 in Maces & Flails
  8111 | D:5      | Bought a glowing chain mail for 172 gold pieces
  8644 | D:7      | Noticed a manticore
  8657 | D:7      | Killed a manticore
  8658 | D:7      | Reached skill level 5 in Fighting
  9121 | D:7      | Reached XP level 10. HP: 83/83 MP: 9/9
  9123 | D:7      | Reached skill level 6 in Fighting
  9681 | D:8      | Noticed a centaur warrior
  9687 | D:8      | Killed a centaur warrior
  9688 | D:8      | Reached skill level 7 in Fighting
  9688 | D:8      | Reached skill level 5 in Armour
 10094 | D:8      | Reached skill level 5 in Dodging
 10640 | D:8      | Found a staircase to the Lair.
 10718 | D:8      | Reached skill level 8 in Fighting
 10787 | D:8      | Noticed a boulder beetle
 10787 | D:8      | Noticed a five-headed hydra
 10787 | D:8      | Noticed a centaur warrior
 11641 | D:9      | Reached skill level 1 in Slings
 12269 | D:9      | Found a staircase to the Orcish Mines.
 12447 | D:10     | Entered Level 10 of the Dungeon
 12600 | D:10     | Reached skill level 9 in Fighting
 12652 | D:10     | Found a flagged portal.
 12664 | Bailey   | Entered a bailey
 12673 | Bailey   | Reached **** piety under Trog
 12973 | Bailey   | Reached XP level 11. HP: 50/97 MP: 10/10
 13231 | Bailey   | Found an iron altar of Okawaru.
 13670 | D:10     | Noticed Maggie
 13677 | D:10     | Killed Maggie
 13785 | D:10     | Reached skill level 1 in Evocations
 14040 | D:10     | Noticed a two-headed ogre
 14054 | D:10     | Killed a two-headed ogre
 14055 | D:10     | Reached skill level 10 in Fighting
 14765 | D:11     | Noticed Maurice
 14773 | D:11     | Killed Maurice
 14823 | D:11     | Found Kedeu's Antique Weapon Emporium.
 14834 | D:11     | Bought a runed hunting sling for 112 gold pieces
 14963 | D:11     | Noticed Psyche
 14971 | D:11     | Killed Psyche
 15959 | Lair:1   | Entered Level 1 of the Lair of Beasts
 16102 | Lair:1   | Reached skill level 11 in Fighting
 16647 | Lair:1   | Noticed an eight-headed hydra
 16656 | Lair:1   | Killed an eight-headed hydra
 16711 | Lair:1   | Reached skill level 5 in Slings
 16739 | Lair:1   | Reached XP level 12. HP: 76/110 MP: 11/11
 16881 | Lair:1   | Noticed a six-headed hydra
 16890 | Lair:1   | Killed a six-headed hydra
 17186 | Lair:1   | Reached skill level 12 in Fighting
 17446 | Lair:2   | Noticed a death yak
 17446 | Lair:2   | Noticed a death yak
 17447 | Lair:2   | Noticed a death yak
 17449 | Lair:2   | Noticed a death yak
 17462 | Lair:2   | Killed a death yak
 17468 | Lair:2   | Killed a death yak
 17474 | Lair:2   | Killed a death yak
 17478 | Lair:2   | Killed a death yak
 17780 | Lair:2   | Found a runed translucent door.
 17780 | Lair:2   | Noticed Haraddelas's ghost (journeyman OpTm)
 17870 | Lair:2   | Noticed a death yak
 17872 | Lair:2   | Noticed a death yak
 17878 | Lair:2   | Noticed a death yak
 17896 | Lair:2   | Killed a death yak
 17903 | Lair:2   | Killed a death yak
 17911 | Lair:2   | Killed a death yak
 17912 | Lair:2   | Reached skill level 13 in Fighting
 18284 | Lair:2   | Reached skill level 5 in Evocations
 18509 | Lair:2   | Found a staircase to the Snake Pit.
 18748 | Lair:2   | Reached skill level 1 in Shields
 19212 | Lair:2   | Killed Haraddelas's ghost
 19371 | Lair:3   | Found a transporter.
 19376 | Lair:3   | Reached XP level 13. HP: 122/122 MP: 12/12
 19571 | Lair:3   | Noticed Nergalle
 19586 | Lair:3   | Killed Nergalle
 19668 | Lair:3   | Noticed diceflayer's ghost (journeyman NaFi)
 19713 | Lair:3   | Found a transporter.
 19931 | Lair:3   | Reached skill level 10 in Armour
 20034 | Lair:3   | Found a staircase to the Shoals.
 20387 | Lair:4   | Reached skill level 14 in Fighting
 21887 | Lair:5   | Reached skill level 10 in Dodging
 21956 | Lair:5   | Reached skill level 15 in Fighting
 22066 | Lair:5   | Reached skill level 5 in Shields
 22277 | Lair:5   | Reached XP level 14. HP: 135/135 MP: 13/13
 22417 | Lair:5   | Found a staircase to the Slime Pits.
 22417 | Lair:5   | Found a viscous altar of Jiyva.
 22847 | Lair:6   | Entered Level 6 of the Lair of Beasts
 23386 | Lair:6   | Reached ***** piety under Trog
 24877 | Lair:6   | Reached skill level 16 in Fighting
 25506 | Lair:6   | Found a corrupted altar of Lugonu.
 25506 | Lair:6   | Found a one-way gate to the infinite horrors of the Abyss.
 25825 | D:8      | Received a gift from Trog
 26000 | D:8      | Noticed Prince Ribbit
 26016 | D:8      | Killed Prince Ribbit
 26170 | D:8      | Found a blossoming altar of Fedhas.
 26181 | D:8      | Found a snail-covered altar of Cheibriados.
 26182 | D:8      | Found a snail-covered altar of Cheibriados.
 26182 | D:8      | Found a snail-covered altar of Cheibriados.
 26273 | D:8      | Identified the +2 fustibalus of Zirr {freeze, rPois Str+4
                  | Int+2 Dex+2}
 26275 | D:8      | Identified the +8 shortbow of the Sixty-Six Dreams {speed,
                  | rN+ Int+3}
 26733 | Orc:1    | Entered Level 1 of the Orcish Mines
 26739 | Orc:1    | Noticed an orc warlord
 26762 | D:9      | Killed an orc warlord
 27067 | Orc:1    | Found Zuffuy's Jewellery Shop.
 27462 | Orc:2    | Entered Level 2 of the Orcish Mines
 27551 | Orc:2    | Reached XP level 15. HP: 132/145 MP: 14/14
 27684 | Orc:2    | Noticed an orc warlord
 27699 | Orc:2    | Killed an orc warlord
 27920 | Orc:2    | Noticed Erolcha
 27933 | Orc:2    | Killed Erolcha
 28072 | Orc:2    | Paralysed by an orc sorcerer for 4 turns
 28428 | Orc:2    | Received a gift from Trog
 28824 | Orc:2    | Paralysed by an orc sorcerer for 2 turns
 28893 | Orc:2    | Found Wanuw's Antique Weapon Boutique.
 29187 | Orc:2    | Found Fyuptit's General Store.
 29196 | Orc:2    | Bought a scroll of blinking for 97 gold pieces
 29278 | Orc:2    | Noticed Saint Roka
 29310 | Orc:2    | Killed Saint Roka
 29311 | Orc:2    | Reached skill level 17 in Fighting
 29311 | Orc:2    | Reached skill level 10 in Slings
 29609 | Orc:2    | Found Ostriuq's Antique Armour Shop.
 29717 | Orc:2    | Found Hiazxiroko's Jewellery Shoppe.
 29782 | Orc:2    | Found a staircase to the Elven Halls.
 30074 | Orc:2    | Bought the +10 tower shield of Ignorance {rN+ Int-4} for
                  | 1547 gold pieces
 30074 | Orc:2    | Found the +10 tower shield of Ignorance {rN+ Int-4}
 30690 | D:12     | Noticed Gastronok
 30701 | D:12     | Killed Gastronok
 31397 | D:12     | Identified the +10 morningstar of Aceten {flame, +Blink rF-
                  | Str+3} (Trog gifted it to you on level 12 of the Dungeon)
 31397 | D:12     | Received a gift from Trog
 31533 | D:12     | Found a runed translucent gate.
 31533 | D:12     | Found a runed translucent gate.
 31533 | D:12     | Found a runed translucent gate.
 32109 | D:13     | Noticed Jorgrun
 32118 | D:13     | Killed Jorgrun
 32119 | D:13     | Found a frozen archway.
 32148 | IceCv    | Entered an ice cave
 32767 | IceCv    | Noticed a frost giant
 32794 | IceCv    | Killed a frost giant
 33100 | D:13     | Found Xinlorro's Jewellery Shoppe.
 33370 | D:13     | Noticed Snorg
 33378 | D:13     | Killed Snorg
 33484 | D:13     | Found a gate to the Vaults.
 33506 | D:13     | Reached XP level 16. HP: 157/157 MP: 15/15
 33511 | D:13     | Reached skill level 10 in Shields
 33538 | D:13     | Reached skill level 18 in Fighting
 34239 | D:14     | Found a transporter.
 34245 | D:14     | Found a bloodstained altar of Trog.
 34246 | D:14     | Noticed Cown's ghost (journeyman TrHu)
 34349 | D:14     | Identified the ring "Xaffew" {rC++ rCorr}
 34661 | D:14     | Found a transporter.
 34961 | D:15     | Entered Level 15 of the Dungeon
 35519 | D:15     | Noticed Roxanne
 35741 | D:15     | Found a staircase to the Depths.
 36356 | D:15     | Found a shimmering blue altar of Sif Muna.
 36604 | D:15     | Killed Roxanne
 37373 | D:12     | Found a runed translucent gate.
 37373 | D:12     | Found a runed translucent gate.
 37375 | D:12     | Noticed a tentacled monstrosity
 37378 | D:12     | Noticed diceflayer's ghost (journeyman NaFi)
 37379 | D:12     | Found a runed translucent gate.
 37658 | D:14     | Killed Cown's ghost
 38710 | Lair:3   | Killed diceflayer's ghost
 38905 | Shoals:1 | Entered Level 1 of the Shoals
 39212 | Shoals:1 | Found a runed translucent gate.
 39213 | Shoals:1 | Found a runed translucent gate.
 39214 | Shoals:1 | Found a runed translucent gate.
 39215 | Shoals:1 | Noticed Witt's ghost (adept GrFi)
 40466 | Shoals:2 | Reached skill level 19 in Fighting
 41111 | Shoals:3 | Found Michael's Dragon-Slaying Spoils.
 41164 | Shoals:3 | Reached XP level 17. HP: 121/168 MP: 16/16
 41562 | Shoals:3 | Noticed a kraken
 41877 | Shoals:3 | Found a runed translucent door.
 42897 | Shoals:4 | Entered Level 4 of the Shoals
 43262 | Shoals:4 | Noticed Polyphemus
 43432 | Shoals:4 | HP: 2/168 [merfolk aquamancer/shard of ice (26)]
 43498 | Shoals:4 | HP: 8/252 [Polyphemus (20)]
 43503 | Shoals:3 | HP: 4/252 [poisoned by a merfolk impaler]
 43508 | Shoals:3 | Killed Polyphemus
 44433 | Shoals:3 | Killed a kraken
 45363 | Shoals:4 | Reached skill level 10 in Evocations
 46692 | Shoals:4 | Got a barnacled rune of Zot
 46736 | Shoals:4 | Reached skill level 20 in Fighting
 46925 | Shoals:4 | Found Xocvelew's Weapon Boutique.
 47431 | Snake:1  | Entered Level 1 of the Snake Pit
 47989 | Snake:1  | Reached XP level 18. HP: 178/178 MP: 17/17
 48120 | Snake:1  | Found Epaogret's Jewellery Boutique.
 48134 | Snake:1  | Bought the ring of Zeisy {Drain rCorr EV+4 Int+3 Dex+4} for
                  | 577 gold pieces
 48625 | Shoals:1 | Received a gift from Trog
 48636 | Shoals:1 | Killed Witt's ghost
 48652 | Shoals:1 | Reached skill level 15 in Shields
 49068 | D:5      | Bought a glowing scarf for 184 gold pieces
 49661 | Snake:2  | Identified the +1 chain mail of Compression {Will+ Regen+}
 49783 | Snake:2  | Noticed Vashnia
 49800 | Snake:2  | Killed Vashnia
 50517 | Snake:2  | Found Ziceg's Weapon Shoppe.
 51076 | Snake:3  | Received a gift from Trog
 51665 | Snake:3  | Found Jiopn's Jewellery Shoppe.
 51665 | Snake:3  | Found Zeywy's Book Shop.
 51666 | Snake:3  | Found Usaage's Book Shop.
 52811 | Snake:4  | Entered Level 4 of the Snake Pit
 52811 | Snake:4  | Found Warghefag's Distillery.
 52814 | Snake:4  | Bought a potion of heal wounds for 100 gold pieces
 52814 | Snake:4  | Bought a potion of haste for 200 gold pieces
 53056 | Snake:4  | Reached skill level 21 in Fighting
 53097 | Snake:4  | Killed from afar by a shock serpent

Illustrated notes

Levels and vault maps discovered:
D:1:      roderic_crop_circles_arrival_large, layout_rooms, minmay_octomino_j4
D:2:      minmay_skewed_foursquare, layout_basic,
          dilly_ecumenical_altar_fadedgnrine, basic_altar, kennysheep_path_1,
          uniq_jessica
D:3:      layout_loops_ring, amcnicky_altar_gilded, kennysheep_generic_room_16,
          uniq_natasha
D:4:      layout_rooms
D:5:      layout_loops_ring, serial_shops, nicolae_shop_hallway_plus, shop
D:6:      layout_basic, minmay_temple_entry_large_hall, uniq_menkaure,
          uniq_edmund
D:7:      layout_rooms
D:8:      minmay_the_grid_octo_tiled_octocenter
          [minmay_the_grid_octo_vomiting_pacman, minmay_the_grid_octo_clover,
          minmay_the_grid_octo_chip, minmay_the_grid_octo_shrine,
          minmay_the_grid_octo_prize_ultimate_mussel_roller,
          minmay_the_grid_square_5x5_minivault,
          minmay_the_grid_square_5x5_shrine1,
          minmay_the_grid_square_5x5_checkered,
          minmay_the_grid_square_5x5_half_checkered], layout_layer_cave,
          uniq_prince_ribbit1
D:9:      layout_basic, hiddenorc1_lemuel, nicolae_sextant,
          chequers_serial_rivers_small_3
D:10:     layout_basic, enter_bailey_3, chequers_serial_rivers_micro_a,
          uniq_maggie
D:11:     layout_irregular_city, serial_shops, nicolae_shop_overgrown_old_shop,
          uniq_psyche, uniq_maurice
D:12:     layout_long_grid, ploomutoo_gammafunk_ghost_potion_laboratory,
          uniq_gastronok
D:13:     layout_stronghold, erik_vaults_2, gauntlet_entry_generic,
          portal_ice_cave_entry_pillars_2, serial_shops, shop, uniq_jorgrun,
          uniq_snorg
D:14:     layout_irregular_city, gammafunk_ghost_wrathful_warriors,
          nrook_mini_backslash
D:15:     hangedman_depths_entry_try_elsewhere_first, layout_loops_corners,
          grunt_decor_one_mirror, kennysheep_orc_sif_temple, uniq_roxanne
Lair:1:   layout_gridlike
Lair:2:   layout_cave_pods, minmay_snake_entry_guardpost_large,
          ebering_ghost_inner_flame, grunt_megastairs_3, lemuel_fruit_fields,
          infiniplex_staircase_pool_2
Lair:3:   layout_roguey, minmay_shoals_entry_centaurs, gammafunk_ghost_arena,
          uniq_nergalle
Lair:4:   layout_cave_shapes
Lair:5:   layout_gridlike, slime_altar_1
Lair:6:   hellmonk_lair_end_abyssal_woods, layout_long_grid, grunt_megastairs_5
Shoals:1: layout_shoals, gammafunk_ghost_split, nicolae_shoals_circle_sea_wall,
          hangedman_shoal_volcano
Shoals:2: layout_shoals
Shoals:3: layout_shoals, nicolae_shop_dragon_depot, lightli_airlock
Shoals:4: shoals_end_simple, layout_shoals, serial_shops,
          nicolae_shop_behind_doors, nzn_prometheus_bound, uniq_polyphemus
Snake:1:  layout_misc_corridors, serial_shops, nicolae_shop_behind_doors,
          st_stairs_7
Snake:2:  layout_misc_corridors, serial_shops,
          nicolae_shop_bloodbath_and_beyond, nicolae_snake_squiggles,
          uniq_vashnia
Snake:3:  layout_layer_cave, serial_bayou_crossing, minmay_shop_grove,
          serial_bayou_shore_a
Snake:4:  johnstein_snake_rune_scales, layout_rooms, serial_shops, shop,
          abandoned_shop, st_stairs_5
Orc:1:    nicolae_orc_accident_3, layout_diamond_mine, serial_shops,
          nicolae_shop_stone, basic_altar
Orc:2:    grunt_orc_gardens, layout_caves, grunt_orc_garden, grunt_orc_garden,
          grunt_orc_garden, grunt_orc_garden, uniq_saint_roka, uniq_erolcha

Skill      XL: |  1  2  3  4  5  6  7  8  9 10 11 12 13 14 15 16 17 18 |
---------------+-------------------------------------------------------+-----
Maces & Flails | 4 5 6 7 8 9 11 14 16 | 16.0
Fighting       | 5 9 11 13 15 16 17 19 20 21 | 21.0
Armour         | 4 6 8 9 10 12 13 14 | 14.4
Dodging        | 3 5 7 8 10 11 12 13 | 13.4
Slings         | 2 5 7 8 9 10 11 12 13 | 13.8
Evocations     | 3 5 6 7 8 9 10 | 10.1
Shields        | 1 5 7 9 12 14 16 | 16.8

Action                   |  1- 3 |  4- 6 |  7- 9 | 10-12 | 13-15 | 16-18 || total
-------------------------+-------+-------+-------+-------+-------+-------++-------
Melee: Mace              |    49 |    59 |    60 |       |       |       ||   168
       Headbutt          |     8 |     6 |    51 |    97 |   292 |   253 ||   707
       Punch             |       |     3 |     2 |    12 |       |       ||    17
       Flail             |       |     2 |       |       |       |       ||     2
       Morningstar       |       |       |   148 |   486 |  1093 |  1186 ||  2913
 Fire: Hunting sling     |       |       |    25 |    39 |    73 |       ||   137
       Fustibalus        |       |       |       |       |   113 |   185 ||   298
Invok: Berserk           |     6 |     8 |    13 |    19 |    30 |    23 ||    99
       Trog's Hand       |       |       |       |     5 |     5 |     6 ||    16
       Brothers in Arms  |       |       |       |     1 |     3 |     5 ||     9
Evoke: Wand              |       |       |       |       |     2 |     4 ||     6
       Lightning rod     |       |       |       |       |       |     4 ||     4
  Use: Scroll            |       |     4 |     8 |    13 |     7 |    13 ||    45
       Potion            |       |       |       |     2 |       |     6 ||     8
 Stab: Sleeping          |       |     2 |     1 |       |       |       ||     3
       Distracted        |       |       |       |     1 |       |     1 ||     2
Armor: Animal skin       |     4 |       |       |       |       |       ||     4
       Ring mail         |     1 |    18 |    49 |       |       |       ||    68
       Chain mail        |       |       |    17 |   136 |   297 |    54 ||   504
       Scale mail        |       |       |     1 |       |       |       ||     1
       Plate armour      |       |       |       |       |       |   456 ||   456
Dodge: Dodged            |    27 |    23 |    98 |   198 |   571 |   391 ||  1308
Block: Other             |       |       |       |    60 |       |       ||    60
       Reflection        |       |       |       |    11 |    27 |   145 ||   183
       Buckler           |       |       |       |    29 |   591 |       ||   620
       Tower shield      |       |       |       |       |    42 |  1700 ||  1742
